 Dungeon Crawl Stone Soup version 0.20.1-1-g8b1a95d (webtiles) character file.

2744 Melbolja the Skirmisher (level 9, -23/80 HPs)
             Began as a Hill Orc Fighter on Oct 1, 2017.
             Was a Believer of Beogh.
             Annihilated by a catoblepas (28 damage)
             ... on level 11 of the Dungeon.
             The game lasted 00:48:29 (6798 turns).

Melbolja the Skirmisher (Hill Orc Fighter)          Turns: 6798, Time: 00:48:29

Health: -23/80     AC: 10    Str: 17    XL:     9   Next: 68%
Magic:  4/4        EV: 10    Int: 12    God:    Beogh [**....]
Gold:   63         SH:  5    Dex: 20    Spells: 7/8 levels left

rFire    . . .     SeeInvis .   Y - +3 great mace "Galumu" {elec, MP-9 Str-5 Int+4 Dex+10}
rCold    . . .     Gourm    .   (shield currently unavailable)
rNeg     . . .     Faith    .   t - +0 scale mail
rPois    .         Spirit   .   (no helmet)
rElec    .         Reflect  +   s - scarf {repulsion}
rCorr    .         Harm     .   N - +0 pair of gloves
MR       .....                  F - +0 pair of boots
Stlth    ..........             X - +5 amulet of reflection
Regen    0.3/turn               g - +5 ring of slaying
MPRegen  0.1/turn               (no ring)

@: repel missiles
A: no striking features
a: Smiting, Renounce Religion


You were on level 11 of the Dungeon.
You worshipped Beogh.
Beogh was pleased with you.
You were not hungry.

You visited 1 branch of the dungeon, and saw 9 of its levels.

You collected 445 gold pieces.
You spent 382 gold pieces at shops.

Inventory:

Hand Weapons
 e - a +4 dagger of draining
 f - a +0 blowgun
 h - a +0 shortbow
 u - a +0 short sword of electrocution
 B - a +0 falchion of holy wrath
 C - a +1 dagger of flaming
 P - a +1 shortbow of flaming
 Y - the +3 great mace "Galumu" (weapon) {elec, MP-9 Str-5 Int+4 Dex+10}
   (You bought it in a shop on level 8 of the Dungeon)

   Occasionally, upon striking a foe, it will discharge some electrical energy
   and cause terrible harm.
   It affects your strength (-5).
   It affects your intelligence (+4).
   It affects your dexterity (+10).
   It affects your magic capacity (-9).
Missiles
 i - 39 poisoned needles
 l - 104 arrows
 v - 138 stones (quivered)
 w - 23 bolts
 A - 73 sling bullets
Armour
 c - a +0 shield
 s - a scarf of repulsion (worn)
 t - a +0 scale mail (worn)
 F - a +0 pair of boots (worn)
 N - a +0 pair of gloves (worn)
Jewellery
 d - a +1 ring of evasion
 g - a +5 ring of slaying (left hand)
 r - a +2 ring of strength
 R - an uncursed amulet of the gourmand
 S - an uncursed ring of protection from magic
 X - a +5 amulet of reflection (around neck)
Wands
 o - a wand of disintegration (13/24)
 G - a wand of acid (8/15)
 K - a wand of disintegration (1/24)
 L - a wand of lightning (7/15)
Scrolls
 a - 2 scrolls of teleportation
 b - a scroll of immolation {unknown}
 k - 3 scrolls of fog
 n - a scroll of fear {unknown}
 q - 2 scrolls of blinking
 x - 3 scrolls of remove curse
 D - a scroll of recharging
 V - a scroll of enchant armour {unknown}
 W - a scroll of brand weapon {unknown}
Potions
 m - 2 potions of brilliance
 p - 4 potions of curing
 M - 2 potions of agility
 O - a potion of resistance {unknown}
 Q - a potion of cancellation {unknown}
 U - a potion of lignification {unknown}
Books
 y - a book of Minor Magic

   Spells                             Type                      Level
   a - Magic Dart                     Conjuration                  1
   b - Blink                          Translocation                2
   c - Call Imp                       Summoning                    2
   d - Slow                           Hexes                        2
   e - Conjure Flame                  Conjuration/Fire             3
   f - Mephitic Cloud                 Conjuration/Poison/Air       3
 z - a book of Minor Magic

   Spells                             Type                      Level
   a - Magic Dart                     Conjuration                  1
   b - Blink                          Translocation                2
   c - Call Imp                       Summoning                    2
   d - Slow                           Hexes                        2
   e - Conjure Flame                  Conjuration/Fire             3
   f - Mephitic Cloud                 Conjuration/Poison/Air       3
 J - a book of Cantrips

   Spells                             Type                      Level
   a - Confusing Touch                Hexes                        1
   b - Animate Skeleton               Necromancy                   1
   c - Summon Small Mammal            Summoning                    1
   d - Apportation                    Translocation                1
 T - a book of Misfortune

   Spells                             Type                      Level
   a - Confusing Touch                Hexes                        1
   b - Confuse                        Hexes                        3
   c - Gell's Gravitas                Translocation                3
   d - Petrify                        Transmutation/Earth          4
   e - Metabolic Englaciation         Hexes/Ice                    5
   f - Yara's Violent Unravelling     Hexes/Transmutation          5
Comestibles
 j - 3 meat rations
 E - 5 royal jellies
 H - 4 fruits


   Skills:
 + Level 7.7 Fighting
 + Level 2.1 Maces & Flails
 - Level 7.2 Armour
 * Level 1.0 Dodging
 - Level 7.3 Shields
 - Level 5.4 Conjurations
 - Level 5.4 Evocations


You had 7 spell levels left.
You knew the following spells:

 Your Spells              Type           Power        Failure   Level  Hunger
a - Magic Dart            Conj           ##..         11%         1    ##.....


Dungeon Overview and Level Annotations

Branches:
Dungeon (8/15)             Temple (0/1) D:4            Lair (0/6) D:8

Altars:
Ru

Shops:
D:8 (


Message History

The catoblepas is lightly wounded.
The catoblepas gores you!! The catoblepas gores you!
You sock the catoblepas!
Lightning courses through the catoblepas!
The catoblepas is heavily wounded.
The catoblepas gores you!!
* * * LOW HITPOINT WARNING * * *
The catoblepas gores you.
* * * LOW HITPOINT WARNING * * *
You completely miss the catoblepas.
The catoblepas is heavily wounded.
You block the catoblepas's attack.
You sock the catoblepas!
The catoblepas is heavily wounded.
The catoblepas completely misses you. The catoblepas gores you!
* * * LOW HITPOINT WARNING * * *
You sock the catoblepas!
The catoblepas is severely wounded.
The catoblepas gores you!!
You die...

##.######.# .##.
###........## #....
#...#####...## #....
....# #...####.... ....#
#....##...# # ##..#
##........# .[# ##..#
###.........##....
....###..##......#......
###..#.#####...#@Y..$..#
##..## ##.###.....##
#.## #........## #.#
#.#####.## #.# #.# #..
##. ### ### #


You could see a catoblepas.

Vanquished Creatures
  The ghost of Fandomethor the Cleaver, a novice MiBe of Trog (D:5)
  A troll (D:4)
  Prince Ribbit (D:5)
  Eustachio (D:5)
  The ghost of ThaPlane the Archer, an amateur CeHu of Hepliaklqana (D:4)
  Menkaure (D:5)
  An ice beast (D:11)
  A black bear (D:6)
  2 centaurs
  2 big kobolds
  2 bullfrogs
  A wyvern skeleton (D:8)
  2 scorpions
  A howler monkey (D:4)
  4 crimson imps
  2 jellies (D:8)
  2 orc priests (D:6)
  A centaur skeleton (D:5)
  2 hounds
  Ijyb (D:5)
  3 orc wizards
  3 worker ants
  A hound skeleton (D:6)
  A howler monkey zombie (D:7)
  8 adders
  A shadow imp (D:7)
  An ooze (D:3)
  An adder skeleton (D:4)
  2 worms
  3 dart slugs
  2 leopard geckos (D:5)
  12 orcs
  5 bats
  5 giant cockroaches
  7 goblins
  8 hobgoblins
  11 jackals
  9 kobolds
  A quokka (D:2)
  3 ball pythons
  5 frilled lizards
  A jackal zombie (D:5)
  2 leopard gecko skeletons
  6 rats
131 creatures vanquished.

Vanquished Creatures (others)
  An orc (D:4)
1 creature vanquished.

Grand Total: 132 creatures vanquished

Notes
Turn   | Place    | Note
-------+----------+-------------------------------------------
     0 | D:1      | Melbolja the Hill Orc Fighter began the quest for the Orb.
     0 | D:1      | Reached XP level 1. HP: 19/19 MP: 1/1
    55 | D:1      | Reached XP level 2. HP: 16/27 MP: 2/2
   434 | D:1      | Reached XP level 3. HP: 33/33 MP: 3/3
  1029 | D:2      | Reached XP level 4. HP: 40/40 MP: 4/4
  1266 | D:2      | Learned a level 1 spell: Magic Dart
  1341 | D:2      | Reached skill level 1 in Evocations
  2192 | D:3      | Reached skill level 1 in Conjurations
  2192 | D:3      | Reached XP level 5. HP: 37/46 MP: 6/6
  2333 | D:3      | Found a faded altar of an unknown god.
  2497 | D:4      | Noticed a troll
  2515 | D:4      | Killed a troll
  2515 | D:4      | Reached XP level 6. HP: 6/55 MP: 7/7
  2517 | D:4      | Reached skill level 5 in Fighting
  2517 | D:4      | Reached skill level 5 in Shields
  2759 | D:4      | Noticed ThaPlane's ghost (amateur CeHu)
  2782 | D:4      | Killed ThaPlane's ghost
  2782 | D:4      | Reached skill level 5 in Armour
  2782 | D:4      | Reached XP level 7. HP: 42/61 MP: 7/9
  2903 | D:4      | Became a worshipper of Beogh the Brigand
  3100 | D:4      | Found a staircase to the Ecumenical Temple.
  3699 | D:5      | Entered Level 5 of the Dungeon
  3716 | D:5      | Noticed Ijyb
  3722 | D:5      | Killed Ijyb
  3742 | D:5      | Noticed Prince Ribbit
  3752 | D:5      | Killed Prince Ribbit
  3752 | D:5      | Reached XP level 8. HP: 42/70 MP: 10/10
  3760 | D:5      | Noticed Fandomethor's ghost (novice MiBe)
  3787 | D:5      | Killed Fandomethor's ghost
  4063 | D:5      | Noticed Menkaure
  4070 | D:5      | Killed Menkaure
  4136 | D:5      | Reached * piety under Beogh
  4495 | D:5      | Noticed Eustachio
  4519 | D:5      | Killed Eustachio
  4519 | D:5      | Reached XP level 9. HP: 47/79 MP: 12/12
  5515 | D:6      | Reached skill level 5 in Conjurations
  5520 | D:6      | Reached skill level 5 in Evocations
  6162 | D:7      | Found a sacrificial altar of Ru.
  6280 | D:8      | Reached ** piety under Beogh
  6629 | D:8      | Found a staircase to the Lair.
  6700 | D:8      | Found Cociru's Weapon Shop.
  6712 | D:8      | Bought the +3 great mace "Galumu" {elec, MP-9 Str-5 Int+4 Dex+10} for 382 gold pieces
  6741 | D:8      | You fall through a shaft for 3 floors!
  6779 | D:11     | Reached skill level 1 in Dodging
  6789 | D:11     | Noticed a catoblepas
  6797 | D:11     | HP: 4/80 [catoblepas (13)]
  6798 | D:11     | Annihilated by a catoblepas

Skill      XL: |  1  2  3  4  5  6  7  8  9 |
---------------+----------------------------+-----
Shields        | 4 5 6 7 |  7.3
Armour         | 4 5 6 7 |  7.2
Fighting       | 4 5 7 |  7.7
Evocations     | 1 2 3 4 5 |  5.4
Conjurations   | 1 2 3 4 5 |  5.4
Dodging        | 1 |  1.0
Maces & Flails | |  2.1

Action                   |  1- 3 |  4- 6 |  7- 9 || total
-------------------------+-------+-------+-------++-------
Melee: Flail             |    76 |       |       ||    76
       Dagger            |    21 |    99 |   253 ||   373
       Great mace        |       |       |     6 ||     6
Invok: Convert to Beogh  |       |       |     1 ||     1
Evoke: Wand              |       |       |     6 ||     6
  Use: Scroll            |     5 |     7 |     5 ||    17
       Potion            |       |     6 |     3 ||     9
  Eat: Chunk             |     1 |     5 |    10 ||    16
       Bread ration      |       |       |     2 ||     2
Armor: Scale mail        |    44 |    34 |    67 ||   145
Dodge: Dodged            |    40 |    20 |    66 ||   126
       Deflected         |       |       |     1 ||     1
Block: Shield            |    48 |    45 |   110 ||   203
       Other             |       |       |     1 ||     1
